 Dungeon Crawl Stone Soup version 0.31-a0-236-g9a0961fb85 (webtiles) character file.

Game seed: 7504550948704638541

568 qw the Shooter (level 7, -8/43 HPs)
             Began as a Gargoyle Hexslinger on July 10, 2023.
             Killed by divine providence
             ... invoked by an orc priest
              (11 damage)
             ... on level 5 of the Dungeon.
             The game lasted 00:01:26 (3613 turns).

qw the Shooter (Gargoyle Hexslinger)                Turns: 3613, Time: 00:01:26

Health: -8/43      AC: 12    Str: 11    XL:     7   Next: 33%
Magic:  8/8        EV: 11    Int: 14    God:
Gold:   232        SH:  5    Dex: 14    Spells: 7/8 levels left

rFire   + . .        Y - +1 sling
rCold   . . .        (no shield)
rNeg    + . .        d - +3 leather armour
rPois   inf          (no helmet)
rElec   +            (no cloak)
rCorr   .            j - +0 pair of gloves
SInv    .            (no boots)
Will    .....        l - amulet of reflection
Stlth   +            i - ring of protection from fire
HPRegen 0.27/turn    (no ring)
MPRegen 0.11/turn

%: reflection
@: no status effects
A: sickness immunity, AC +4, negative energy resistance 1, electricity
resistance, torment resistance 1, petrification resistance
a: no special abilities


You were on level 5 of the Dungeon.
You visited 1 branch of the dungeon, and saw 5 of its levels.

You collected 232 gold pieces.


Innate Abilities, Weirdness & Mutations

You are immune to sickness and miasma.
Your stone body is resilient. (AC +4)
You are immune to poison.
You resist negative energy. (rN+)
You are resistant to electric shocks. (rElec)
You are resistant to unholy torment.
You are immune to petrification.


   Skills:
 - Level 4.0 Fighting
 + Level 6.8 Ranged Weapons
 - Level 1.1 Armour
 - Level 1.5 Dodging
 - Level 1.0 Spellcasting
 - Level 2.6 Hexes


You had 7 spell levels left.
You knew the following spells:

 Your Spells              Type           Power      Damage    Failure   Level
a - Slow                  Hex            32%        N/A       12%         1

Your spell library contained the following spells:

 Spells                   Type           Power      Damage    Failure   Level
 Inner Flame              Hex/Fire       4%         N/A       52%         3
 Portal Projectile        Hex/Tloc       8%         N/A       52%         3
 Cause Fear               Hex            4%         N/A       75%         4

Inventory:

Hand Weapons
 Y - a +1 sling (weapon)
Armour
 d - a +3 leather armour (worn)
 j - a +0 pair of gloves (worn)
Jewellery
 i - a ring of protection from fire (left hand)
 l - an amulet of reflection (around neck)
Scrolls
 h - a scroll of identify
Potions
 a - a potion of enlightenment
 b - a potion of mutation
 c - a potion of curing
 f - a potion of degeneration {unknown}
 g - 2 potions of attraction {unknown}
 k - a potion of brilliance {unknown}

Dungeon Overview and Level Annotations

Branches:
Dungeon (5/15)
 Temple: D:4-7

Altars:
Nemelex Xobeh


Message History

You shoot a sling bullet.
The sling bullet barely misses the orc priest.
The orc closely misses you. You block the orc's attack.
Something hits you but does no damage.
The orc wizard gestures wildly while chanting.
The orc wizard flickers and vanishes!
The orc priest hits you with a +0 whip.
You shoot a sling bullet.
The sling bullet closely misses the orc priest.
You block the orc's attack. You block something's attack.
The orc priest mumbles some strange prayers to Beogh against you.
Pain shoots through your body! The orc barely misses you.
You shoot a sling bullet. The sling bullet hits the orc priest.
The orc priest is moderately wounded.
You block the orc's attack. Something hits you.
The orc priest hits you but does no damage.
The orc completely misses you.
You shoot a sling bullet. The sling bullet hits the orc priest.
The orc priest is severely wounded.
You block the orc's attack. Something hits you but does no damage.
You block the ogre's attack. The orc barely misses you.
The orc priest calls down the wrath of Beogh upon you.
You struggle to resist.
You shoot a sling bullet.
The sling bullet barely misses the orc priest.
The orc hits you but does no damage. Something hits you but does no damage.
You block the orc's attack.
The orc priest hits you but does no damage.
You block the ogre's attack.
You shoot a sling bullet.
The sling bullet barely misses the orc priest.
The orc priest misses you. You block the orc's attack.
The orc closely misses you.
An orc priest comes into view. It is wielding a +0 club.
Something hits you but does no damage.
You shoot a sling bullet.
The sling bullet barely misses the orc priest.
The orc priest shouts!
The orc priest calls down the wrath of Beogh upon you.
Beogh smites you!
You die...

........#...... >#
............... #..
##..#.....#......# #..#
... #....#.#....###...#
..# ##.......#
........# ..#
#.......####......# .#
#....o..#..ooo..#
.####......./.%O@...#
##....#.#.##..##{...#
......#.####...#......#
.........###...#.....##
...........#+#.#.....#
.......##### ########
......## ....### ....#


You could see an ogre, 2 orc priests and 2 orcs.

Vanquished Creatures
  An ogre (D:4)
  A phantom (D:5)
  A scorpion (D:4)
  A hound (D:5)
  3 orc priests
  A sleepcap (D:5)
  3 orc wizards
  4 adders
  An ufetubus (D:4)
  A worm (D:2)
  5 dart slugs
  10 orcs
  9 ball pythons
  4 endoplasms
  A giant cockroach (D:2)
  8 goblins
  8 hobgoblins
  9 kobolds
  2 quokkas
  5 bats
  2 frilled lizards
  2 rats
82 creatures vanquished.

Notes
Turn   | Place    | Note
-------+----------+-------------------------------------------
     0 | D:1      | qw the Gargoyle Hexslinger began the quest for the Orb.
     0 | D:1      | Reached XP level 1. HP: 12/12 MP: 2/2
     0 | D:1      | 0 ||| qw: Version: 0.3-a-52-g30416fa
     0 | D:1      | 0 ||| qw: Game counter: 4544
     0 | D:1      | 0 ||| qw: Melee chars always use a shield: true
     0 | D:1      | 0 ||| qw: God list: Okawaru
     0 | D:1      | 0 ||| qw: Allow faded altars: false
     0 | D:1      | 0 ||| qw: Do Orc after clearing Dungeon:15 true
     0 | D:1      | 0 ||| qw: Do second Lair branch before Depths: true
     0 | D:1      | 0 ||| qw: Lair rune preference: random
     0 | D:1      | 0 ||| qw: Goals: Normal
     0 | D:1      | 0 ||| PLANNING D:1-11
   156 | D:1      | Reached XP level 2. HP: 16/16 MP: 3/3
   158 | D:1      | 158 ||| FLEEEEING.
   235 | D:1      | Reached skill level 3 in Ranged Weapons
   389 | D:1      | Reached XP level 3. HP: 21/21 MP: 4/4
   791 | D:1      | 791 ||| UPGRADING to +0 pair of gloves.
   796 | D:1      | 796 ||| UPGRADING to amulet of the acrobat.
   801 | D:1      | 801 ||| READING scroll labelled DAAPPY JIRALE.
   802 | D:1      | 802 ||| READING scroll labelled VYFUSE ERAUMM.
   903 | D:1      | 903 ||| READING 2 scrolls labelled YTRAKYS HOREOL.
   904 | D:1      | 904 ||| DRINKING 2 fuming inky potions.
   931 | D:1      | 931 ||| DROPPING scroll of poison.
   932 | D:1      | 932 ||| DROPPING potion of lignification.
  1245 | D:2      | Reached XP level 4. HP: 17/26 MP: 5/5
  1491 | D:2      | Reached skill level 4 in Ranged Weapons
  1691 | D:2      | 1691 ||| UPGRADING to ring of protection from fire.
  1692 | D:2      | 1692 ||| READING scroll labelled PEUTHR QOAMOL.
  1693 | D:2      | 1693 ||| READING scroll labelled QOLYGH IRUCHIU.
  1697 | D:2      | 1697 ||| DRINKING 3 murky orange potions.
  1804 | D:3      | HP: 6/26 [something (1)]
  1805 | D:3      | 1805 ||| DRINKING 2 potions of heal wounds.
  1819 | D:3      | Reached skill level 5 in Ranged Weapons
  1819 | D:3      | Reached XP level 5. HP: 14/30 MP: 6/6
  1829 | D:3      | 1829 ||| FLEEEEING.
  1830 | D:3      | 1830 ||| FLEEEEING.
  2654 | D:3      | 2654 ||| UPGRADING to +3 leather armour.
  2664 | D:3      | 2664 ||| DROPPING +0 robe.
  2665 | D:3      | 2665 ||| READING scroll labelled JEDUIM FUNGE.
  2666 | D:3      | 2666 ||| READING 3 scrolls of identify.
  2666 | D:3      | 2666 ||| IDENTIFYING viscous puce potion
  2667 | D:3      | 2667 ||| READING 2 scrolls of identify.
  2667 | D:3      | 2667 ||| IDENTIFYING black potion
  2883 | D:4      | Reached skill level 3 in Fighting
  2905 | D:4      | Reached XP level 6. HP: 38/38 MP: 7/7
  2993 | D:4      | Found a sparkling altar of Nemelex Xobeh.
  3084 | D:4      | HP: 7/38 [orc/+0 trident (5)]
  3084 | D:4      | HP: 3/38 [orc/+0 short sword (4)]
  3084 | D:4      | HP: 1/38 [orc priest/+0 hand axe (2)]
  3085 | D:4      | 3085 ||| DRINKING 2 potions of heal wounds.
  3233 | D:4      | Reached skill level 6 in Ranged Weapons
  3344 | D:4      | 3344 ||| UPGRADING to amulet of reflection.
  3354 | D:4      | 3354 ||| DROPPING amulet of the acrobat.
  3355 | D:4      | 3355 ||| READING 2 scrolls of identify.
  3355 | D:4      | 3355 ||| IDENTIFYING bubbling dark potion
  3378 | D:5      | Entered Level 5 of the Dungeon
  3427 | D:5      | Reached skill level 1 in Armour
  3489 | D:5      | 3489 ||| Stepping ~*~*~tactically~*~*~ (outnumbered).
  3498 | D:5      | Reached XP level 7. HP: 42/43 MP: 8/8
  3601 | D:5      | HP: 4/43 [something/magic dart (8)]
  3602 | D:5      | 3602 ||| DRINKING potion of heal wounds.
  3606 | D:5      | HP: 7/43 [something (2)]
  3607 | D:5      | HP: 3/43 [orc priest/+0 whip (4)]
  3613 | D:5      | Killed from afar by an orc priest

Levels and vault maps discovered:
D:1:      nzn_arrival_depleted_hourglass, layout_basic, minmay_misc_feat_alley
D:2:      layout_basic, kennysheep_donut, glass_columns_b,
          lightli_corner_chamber
D:3:      layout_basic
D:4:      layout_gridville, mainiacjoe_overflow_alcove_4, glass_columns_c
D:5:      layout_cave_pools, chequers_temple_overflow_minitemple, serial_shops,
          nicolae_take_the_stairs

Skill      XL: |  1  2  3  4  5  6 |
---------------+-------------------+-----
Ranged Weapons | 3 5 6 |  6.8
Fighting       | 2 3 4 |  4.0
Armour         | 1 |  1.1
Dodging        | |  1.5
Spellcasting   | |  1.0
Hexes          | |  2.6

Action                     |  1- 3 |  4- 6 |  7- 9 || total
---------------------------+-------+-------+-------++-------
   Fire: Sling             |   117 |   190 |    42 ||   349
    Use: Scroll            |     3 |     6 |       ||     9
         Potion            |     1 |     3 |     1 ||     5
 Armour: Robe              |    17 |    16 |       ||    33
         Leather armour    |       |    42 |    26 ||    68
  Dodge: Dodged            |    25 |    73 |    22 ||   120
  Block: Other             |       |     3 |    19 ||    22

Table legend:
 A = Non-vault XP
 B = Vault XP
 C = Vault XP percentage of total XP
 D = Non-vault monster count
 E = Vault monster count
 F = Vault count percentage of total count
                 A         B        C        D         E       F
            +---------+---------+-------+---------+---------+-------
      Total |     812 |       0 |   0.0 |      82 |       0 |   0.0
            +---------+---------+-------+---------+---------+-------
        D:1 |      43 |       0 |   0.0 |      22 |       0 |   0.0
        D:2 |      58 |       0 |   0.0 |      18 |       0 |   0.0
        D:3 |     112 |       0 |   0.0 |      15 |       0 |   0.0
        D:4 |     332 |       0 |   0.0 |      20 |       0 |   0.0
        D:5 |     267 |       0 |   0.0 |       7 |       0 |   0.0
            +---------+---------+-------+---------+---------+-------
